 Dungeon Crawl Stone Soup version 0.25-a0-458-g6fc7858b95 (webtiles) character file.

Game seed: 12561024176660167549, levelgen mode: deterministic

836 mopl the Cleaver (level 7, -1/62 HPs)
             Began as a Deep Dwarf Gladiator on Feb 3, 2020.
             Was an Initiate of Makhleb.
             Slain by a killer bee (5 damage)
             ... on level 5 of the Dungeon.
             The game lasted 00:06:14 (3200 turns).

mopl the Cleaver (Deep Dwarf Gladiator)             Turns: 3200, Time: 00:06:14

Health: -1/62      AC: 14    Str: 20    XL:     7   Next: 66%
Magic:  8/8        EV:  6    Int:  8    God:    Makhleb [......]
Gold:   105        SH:  0    Dex: 14    Spells: 6/6 levels left

rFire    . . .     SeeInvis .   a - +0 war axe
rCold    . . .     Gourm    .   (no shield)
rNeg     . . .     Faith    .   t - +0 plate armour
rPois    .         Spirit   .   c - +1 helmet
rElec    .         Reflect  .   x - +0 cloak
rCorr    .         Harm     .   (no gloves)
MR       ++...                  r - +0 pair of boots
Stlth    ..........             v - amulet of rage
HPRegen  0.00/turn              e - ring of protection from magic
MPRegen  0.11/turn              q - ring of stealth

@: lethally poisoned (-1 -> -2), berserk cooldown, non-regenerating, slowed,
heavily drained, very slow
A: damage resistance, heal wounds, sense surroundings 1, no regeneration
a: Heal Wounds, Renounce Religion, Evoke Berserk Rage


You were on level 5 of the Dungeon.
You worshipped Makhleb.
Makhleb was noncommittal.
You were very hungry.

You visited 2 branches of the dungeon, and saw 6 of its levels.

You collected 105 gold pieces.

Inventory:

Hand Weapons
 a - a +0 war axe (weapon)
Missiles
 d - 2 throwing nets
 h - 9 poisoned darts (quivered)
Armour
 c - a +1 helmet (worn)
 r - a +0 pair of boots (worn)
 t - a +0 plate armour (worn)
 x - a +0 cloak (worn)
Jewellery
 e - a ring of protection from magic (left hand)
 q - a ring of stealth (right hand)
 v - an amulet of rage (around neck)
Wands
 w - a wand of random effects (34)
Scrolls
 j - a scroll of enchant armour
 k - 2 scrolls of magic mapping {unknown}
 m - a scroll of amnesia {unknown}
 o - 2 scrolls of remove curse {unknown}
 p - 2 scrolls of teleportation
Potions
 b - 4 potions of agility {unknown}
 g - 3 potions of heal wounds {unknown}
 i - a potion of berserk rage {unknown}
 l - 3 potions of curing {unknown}
 n - a potion of might {unknown}
 s - 3 potions of mutation {unknown}
 u - a potion of lignification {unknown}
Comestibles
 f - 10 rations


   Skills:
 + Level 3.0(0.7) Fighting
 * Level 8.5(5.9) Axes
 - Level 1.7(0.0) Throwing
 + Level 2.7(0.4) Armour
 - Level 3.2(0.9) Dodging
 + Level 2.3(0.0) Invocations
 - Level 2.2(0.0) Evocations


You had 6 spell levels left.
You didn't know any spells.
Your spell library was empty.

Dungeon Overview and Level Annotations

Branches:
Dungeon (5/15)             Temple (1/1) D:4

Altars:
Ashenzari
Cheibriados
Dithmenos
Elyvilon
Gozag
Kikubaaqudgha
Makhleb
Qazlal
Uskayaw
Xom
Zin
The Shining One

Annotations:
D:5 Ijyb


Innate Abilities, Weirdness & Mutations

You are resistant to damage.
You can heal yourself by infusing magical energy.
You passively map a small area around you.
You do not regenerate.


Message History

The killer bee stings you but does no damage.
Unknown command.
You barely miss the killer bee.
The killer bee is severely wounded.
You miss the killer bee. x2; You slash the killer bee!
You feel sick. The killer bee stings you.
* * * LOW HITPOINT WARNING * * *
The killer bee stings you but does no damage.
The killer bee stings you.
* * * LOW HITPOINT WARNING * * *
The killer bee stings you but does no damage. x3
You miss the killer bee.
The killer bee is severely wounded.
You hit the killer bee. You barely miss the killer bee.
You miss the killer bee.
You are no longer berserk.
You are exhausted.
You feel yourself slow down.
You feel sick. The killer bee closely misses you. x2
The killer bee stings you.
You die...

* , * , ** , , * ,
. , * * , ... ,
....###
.......#### ,
..(...ghy@#### , ,
...o....yyy..##
..............# ,
..............## ,
...............#
,...............##
................#
,
................##
, ...............#


You could see Ijyb, a hound, 4 killer bees and an orc.

Vanquished Creatures
  Duvessa (D:5)
  2 ogres
  A centaur (D:5)
  A water moccasin zombie (D:3)
  A water moccasin skeleton (D:4)
  Dowan (D:5)
  A killer bee (D:5)
  A centaur zombie (D:5)
  A hound (D:4)
  2 orc priests (D:4)
  A hound zombie (D:5)
  A worker ant zombie (D:5)
  2 adders (D:3)
  2 oozes (D:1)
  An adder zombie (D:5)
  2 worms
  A dart slug (D:2)
  6 leopard geckos
  5 orcs
  8 bats
  7 giant cockroaches
  11 goblins
  6 hobgoblins
  3 jackals (D:2)
  8 kobolds
  5 quokkas
  A ball python (D:3)
  9 frilled lizards
  13 rats
104 creatures vanquished.

Notes
Turn   | Place    | Note
-------+----------+-------------------------------------------
     0 | D:1      | mopl the Deep Dwarf Gladiator began the quest for the Orb.
     0 | D:1      | Reached XP level 1. HP: 19/19 MP: 1/1
    97 | D:1      | Reached skill level 4 in Axes
    97 | D:1      | Reached XP level 2. HP: 24/26 MP: 2/2
   327 | D:1      | Reached XP level 3. HP: 26/32 MP: 3/3
   669 | D:2      | Found a faded altar of an unknown god.
   724 | D:2      | Reached skill level 5 in Axes
  1087 | D:2      | Reached XP level 4. HP: 27/39 MP: 4/4
  1669 | D:3      | Found an ancient bone altar of Kikubaaqudgha.
  1871 | D:3      | Noticed an ogre
  1924 | D:3      | Killed an ogre
  1924 | D:3      | Reached skill level 6 in Axes
  1924 | D:3      | Reached XP level 5. HP: 21/45 MP: 5/5
  2241 | D:3      | Reached skill level 7 in Axes
  2442 | D:4      | Reached skill level 2 in Fighting
  2442 | D:4      | Reached XP level 6. HP: 35/52 MP: 6/6
  2453 | D:4      | Reached skill level 1 in Armour
  2778 | D:4      | Reached skill level 1 in Evocations
  2790 | D:4      | Found a staircase to the Ecumenical Temple.
  2796 | Temple   | Entered the Ecumenical Temple
  2848 | Temple   | Became a worshipper of Makhleb the Destroyer
  2981 | D:5      | Entered Level 5 of the Dungeon
  2981 | D:5      | Noticed Dowan
  2985 | D:5      | Noticed Duvessa
  2998 | D:5      | Killed Dowan
  2998 | D:5      | Reached skill level 8 in Axes
  2998 | D:5      | Reached XP level 7. HP: 47/61 MP: 8/8
  3011 | D:5      | Killed Duvessa
  3011 | D:5      | Reached skill level 2 in Armour
  3011 | D:5      | Reached skill level 1 in Invocations
  3011 | D:5      | Reached skill level 2 in Evocations
  3188 | D:5      | Reached skill level 2 in Invocations
  3194 | D:5      | Noticed Ijyb
  3197 | D:5      | Reached skill level 3 in Fighting
  3200 | D:5      | Slain by a killer bee

Levels and vault maps discovered:
D:1:      onia_arrival_larder, layout_loops_ring
D:2:      layout_basic, chequers_ecumenical_altar_simple
D:3:      layout_loops_corners, kiku_gazebo_pond_becter, first_ration
D:4:      layout_rooms, minmay_temple_entry_crystal_x
D:5:      layout_layer_cave, gammafunk_temple_overflow_elements,
          ebering_ghost_sewer_d, uniq_ijyb, uniq_duvessa, uniq_edmund
Temple:   jpeg_temple_clearing

Skill      XL: |  1  2  3  4  5  6  7 |
---------------+----------------------+-----
Axes           | 4 5 6 7 8 |  8.5
Fighting       | 2 3 |  3.0
Armour         | 1 2 |  2.7
Evocations     | 1 2 |  2.2
Invocations    | 2 |  2.3
Throwing       | |  1.7
Dodging        | |  3.2

Action                   |  1- 3 |  4- 6 |  7- 9 || total
-------------------------+-------+-------+-------++-------
Melee: War axe           |   132 |   141 |    55 ||   328
Throw: Dart              |       |    24 |     1 ||    25
       Throwing net      |       |     1 |       ||     1
 Abil: Heal Wounds       |       |     1 |     1 ||     2
       Evoke Berserk Rag |       |     2 |     1 ||     3
  Use: Scroll            |     2 |       |       ||     2
 Stab: Sleeping          |     1 |       |       ||     1
  Eat: Chunk             |     1 |     7 |     2 ||    10
Armor: Leather armour    |    20 |       |       ||    20
       Ring mail         |    18 |    23 |       ||    41
       Plate armour      |       |    47 |    80 ||   127
Dodge: Dodged            |    95 |    67 |    25 ||   187

Table legend:
 A = Non-vault XP
 B = Vault XP
 C = Vault XP percentage of total XP
 D = Non-vault monster count
 E = Vault monster count
 F = Vault count percentage of total count
                 A         B        C        D         E       F
            +---------+---------+-------+---------+---------+-------
      Total |     962 |     233 |  19.5 |      94 |      10 |   9.6
            +---------+---------+-------+---------+---------+-------
        D:1 |      43 |      11 |  20.4 |      20 |       8 |  28.6
        D:2 |      46 |       0 |   0.0 |      27 |       0 |   0.0
        D:3 |     261 |       0 |   0.0 |      25 |       0 |   0.0
        D:4 |     343 |       0 |   0.0 |      15 |       0 |   0.0
        D:5 |     269 |     222 |  45.2 |       7 |       2 |  22.2
            +---------+---------+-------+---------+---------+-------
